 Dungeon Crawl Stone Soup version 0.30-a0-394-g3e4acdb0ae (webtiles) character file.

Game seed: 16704680730228052374

4636 cforsyth the Cleaver (level 10, -9/95 HPs)
             Began as a Hill Orc Fighter on Dec 7, 2022.
             Was a Priest of Beogh.
             Mangled by a two-headed ogre
             ... wielding a +0 giant club
              (23 damage)
             ... on level 8 of the Dungeon.
             The game lasted 00:18:08 (8154 turns).

cforsyth the Cleaver (Hill Orc Fighter)             Turns: 8154, Time: 00:18:09

Health: -9/95      AC: 12    Str: 24    XL:     10   Next: 43%
Magic:  10/10      EV: 10    Int:  8    God:    Beogh [***...]
Gold:   493        SH:  0    Dex: 10    Spells: 9/9 levels left

rFire   . . .      SeeInvis .    H - +1 battleaxe
rCold   . . .      Faith    .    (shield currently unavailable)
rNeg    + . .      Spirit   .    n - +4 scale mail {Will+}
rPois   .          Reflect  .    (no helmet)
rElec   +          Harm     .    (no cloak)
rCorr   .          Rampage  .    (no gloves)
Will    +++..                    (no boots)
Stlth   ..........               (no amulet)
HPRegen 0.35/turn                G - ring of willpower
MPRegen 0.12/turn                E - ring "Igoceum" {rElec rN+ Will+}

@: marked
A: no striking features
a: Renounce Religion, Smiting


You were on level 8 of the Dungeon.
You worshipped Beogh.
Beogh was most pleased with you.
You visited 1 branch of the dungeon, and saw 9 of its levels.
You also visited: Ossuary.

You collected 523 gold pieces.
You spent 30 gold pieces at shops.

Inventory:

Hand Weapons
 a - a +0 war axe
 H - a +1 battleaxe (weapon)
Armour
 c - a +0 buckler
 n - a +4 scale mail of willpower (worn)
Jewellery
 t - a ring of flight
 E - the ring "Igoceum" (right hand) {rElec rN+ Will+}
   (You found it in an ossuary)

   [ring of willpower]

   rElec:     It insulates you from electricity.
   rN:        It protects you from negative energy.
   Will:      It increases your willpower.
 G - a ring of willpower (left hand)
Wands
 k - a wand of roots (10)
 m - a wand of flame (27)
 x - a wand of paralysis (21)
 B - a wand of mindburst (17)
Scrolls
 b - 3 scrolls of magic mapping
 h - 4 scrolls of vulnerability
 i - 2 scrolls of blinking
 j - 2 scrolls of butterflies
 l - 3 scrolls of fear
 p - 3 scrolls of poison
 q - 2 scrolls of amnesia
 r - 2 scrolls of summoning
 s - a scroll of torment {unknown}
 u - 5 scrolls of teleportation
 v - a scroll of brand weapon {unknown}
 y - a scroll of noise {unknown}
 A - a scroll of silence {unknown}
 F - 4 scrolls of enchant armour
Potions
 d - a potion of might
 e - a potion of heal wounds
 f - 3 potions of lignification
 g - a potion of cancellation
 o - 3 potions of mutation
 w - a potion of haste
 z - a potion of curing
 C - a potion of resistance
 D - a potion of invisibility


   Skills:
 + Level 11.0 Fighting
 + Level 11.5 Axes
 + Level 10.1 Armour
 - Level 3.2 Shields


You had 9 spell levels left.
You didn't know any spells.
Your spell library contained the following spells:

 Spells                   Type           Power      Damage    Failure   Level
 Beastly Appendage        Tmut           0%         N/A       65%         1
 Necrotise                Necr           0%         1d4       65%         1
 Sandblast                Erth           0%         2d4       65%         1
 Ensorcelled Hibernation  Hex/Ice        0%         N/A       80%         2
 Passwall                 Tmut/Erth      0%         N/A       80%         2
 Static Discharge         Conj/Air       0%         2-2/arc   80%         2
 Wereblood                Tmut           0%         N/A       80%         2
 Dazzling Flash           Conj/Hex       0%         N/A       95%         3
 Spider Form              Tmut/Pois      0%         N/A       95%         3
 Stone Arrow              Conj/Erth      0%         3d7       95%         3
 Swiftness                Air            0%         N/A       95%         3
 Vampiric Draining        Necr           0%         2d6       95%         3
 Vhi's Electric Charge    Tloc/Air       0%         N/A       95%         3
 Agony                    Necr           0%         N/A       100%        5
 Arcjolt                  Conj/Air       0%         1d10      100%        5
 Lightning Bolt           Conj/Air       0%         1d11      100%        5
 Silence                  Hex/Air        0%         N/A       100%        5
 Maxwell's Capacitive Co  Air            0%         ∞         100%        8


Dungeon Overview and Level Annotations

Branches:
Dungeon (9/15)             Temple (0/1) D:4         Ossuary (visited)
   Lair: D:8-11         Orc: D:9-12

Altars:

Shops:
D:5 ?


Message History

The howler monkey hoots and howls with incredible vigour!
The howler monkey attacks as you move away!
The howler monkey hits you but does no damage.
There is an escape hatch in the ceiling here.
The howler monkey hits you but does no damage.
The two-headed ogre hits you with a +0 giant club!!
The two-headed ogre closely misses you. A mysterious force pulls you upwards.
The hatch slams shut behind you.
You hit the two-headed ogre but do no damage.
You barely miss the howler monkey. The howler monkey hits you.
The two-headed ogre hits you with a +0 giant club!
The two-headed ogre barely misses you.
The howler monkey hits you but does no damage.
You slash the two-headed ogre!
The two-headed ogre is moderately wounded.
You hit the howler monkey but do no damage.
The howler monkey closely misses you. The two-headed ogre closely misses you.
The two-headed ogre hits you with a +0 giant club.
You barely miss the two-headed ogre.
The two-headed ogre is moderately wounded.
You slice the howler monkey!!
You kill the howler monkey!
Beogh accepts your kill.
Your Fighting skill increases to level 11!
You slice the two-headed ogre!!
The two-headed ogre is severely wounded.
The two-headed ogre hits you with a +0 giant club!
* * * LOW HITPOINT WARNING * * *
The two-headed ogre barely misses you.
Unknown command.
You hit the two-headed ogre but do no damage.
The two-headed ogre is severely wounded.
The two-headed ogre closely misses you.
The two-headed ogre hits you with a +0 giant club!
* * * LOW HITPOINT WARNING * * *
Unknown command.
You barely miss the two-headed ogre.
The two-headed ogre is severely wounded.
The two-headed ogre hits you with a +0 giant club!!
You die...

#....#..#..#.#..##..
#....#..#...8...##..
#....#..#.......##..
#....#..##########..
#....#...........#..
#....O...........#..
#....#...........#..
#...##..###..##.####
#..@#######..##.##..
#..O................
#...................
#...................
#.......####'#####'#
#.......##...#......
###########...+......
#.........#...#......
#.........'...#......


You could see 2 two-headed ogres.

Vanquished Creatures
  A shadow (D:8)
  2 wyverns
  2 steam dragons
  Duvessa (D:7)
  5 black bears
  A hornet zombie (Ossuary)
  2 ice beasts (D:7)
  2 ogres
  2 phantoms (D:5)
  2 centaurs (D:8)
  A gnoll sergeant (D:6)
  5 bullfrogs
  A scorpion (D:6)
  2 wyvern zombies (Ossuary)
  A necrophage (D:7)
  3 water moccasin zombies (Ossuary)
  8 wights
  Dowan (D:7)
  6 killer bees (D:8)
  A howler monkey (D:8)
  4 bullfrog zombies (Ossuary)
  3 centaur zombies (Ossuary)
  A jelly (D:5)
  A gnoll bouda (D:4)
  3 hounds
  2 orc priests
  An iguana (D:5)
  Terence (D:2)
  2 orc wizards
  2 killer bee zombies (Ossuary)
  15 mummies
  A howler monkey zombie (Ossuary)
  7 gnolls
  8 adders
  A shadow imp (D:6)
  5 white imps
  An ufetubus (D:5)
  2 worms
  2 dart slugs (D:2)
  19 orcs
  6 endoplasms
  3 giant cockroaches
  7 goblins
  9 hobgoblins
  2 jackals (D:1)
  8 kobolds
  5 quokkas
  7 ball pythons
  A bat (D:1)
  4 frilled lizards
  A hobgoblin zombie (D:7)
  A kobold zombie (D:7)
  6 rats
190 creatures vanquished.

Vanquished Creatures (others)
  8 withered plants (Ossuary)
8 creatures vanquished.

Grand Total: 198 creatures vanquished

Notes
Turn   | Place    | Note
-------+----------+-------------------------------------------
     0 | D:1      | cforsyth the Hill Orc Fighter began the quest for the Orb.
     0 | D:1      | Reached XP level 1. HP: 19/19 MP: 1/1
   106 | D:1      | Reached XP level 2. HP: 26/27 MP: 2/2
   241 | D:1      | Found a faded altar of an unknown god.
   454 | D:2      | Reached XP level 3. HP: 28/33 MP: 3/3
   580 | D:2      | Found the +7 Throatcutter {drain, coup de grace}
   630 | D:2      | Reached XP level 4. HP: 41/41 MP: 4/4
   887 | D:2      | Noticed Terence
   896 | D:2      | Killed Terence
  1082 | D:3      | Reached XP level 5. HP: 28/47 MP: 5/5
  1533 | D:3      | Reached skill level 5 in Fighting
  1796 | D:4      | Became a worshipper of Beogh the Brigand
  1822 | D:4      | Reached skill level 5 in Axes
  1933 | D:4      | Noticed a black bear
  1943 | D:4      | Killed a black bear
  1944 | D:4      | Reached skill level 5 in Armour
  1944 | D:4      | Reached XP level 6. HP: 47/56 MP: 6/6
  2122 | D:4      | Noticed a black bear
  2133 | D:4      | Killed a black bear
  2263 | D:4      | Found a staircase to the Ecumenical Temple.
  2278 | D:4      | Reached XP level 7. HP: 51/63 MP: 7/7
  2675 | D:5      | Entered Level 5 of the Dungeon
  3165 | D:5      | Found Jehuyro's Magic Scroll Emporium.
  3175 | D:5      | Bought a scroll of identify for 30 gold pieces
  3204 | D:5      | Reached * piety under Beogh
  3368 | D:5      | Reached XP level 8. HP: 67/73 MP: 8/8
  3845 | D:6      | Found the +11 plutonium sword {Contam Stlth-}
  4021 | D:6      | Noticed a green ugly thing
  4189 | D:7      | Noticed Duvessa
  4190 | D:7      | Noticed Dowan
  4204 | D:7      | Killed Duvessa
  4209 | D:7      | Killed Dowan
  4237 | D:7      | Found a sand-covered staircase.
  4287 | Ossuary  | Entered an ossuary
  4637 | Ossuary  | Reached XP level 9. HP: 75/82 MP: 9/9
  4660 | Ossuary  | Reached ** piety under Beogh
  4812 | Ossuary  | Identified the ring "Igoceum" {rElec rN+ Will+}
  5555 | D:7      | Reached skill level 10 in Axes
  6250 | D:8      | Reached skill level 10 in Fighting
  6271 | D:8      | Reached XP level 10. HP: 13/93 MP: 10/10
  6383 | D:8      | Noticed a two-headed ogre
  6854 | D:8      | Reached *** piety under Beogh
  7744 | D:8      | Reached skill level 10 in Armour
  8125 | D:9      | Noticed a two-headed ogre
  8142 | D:9      | Noticed a two-headed ogre
  8154 | D:8      | Mangled by a two-headed ogre

Illustrated notes

Levels and vault maps discovered:
D:1:      nzn_arrival_water_spiral, layout_rooms, ebering_ecumenical_altar_rust,
          minmay_misc_feat_hallway
D:2:      layout_basic, minmay_misc_feat_secret_circle, uniq_terence
D:3:      layout_rooms, kennysheep_flooded_box
D:4:      layout_basic, minmay_temple_entry_poolview, grunt_ministairs_13,
          corexii_item_surrounded_by_moat
D:5:      layout_basic, kennysheep_minor_cross, nicolae_stop_n_shop_2
D:6:      layout_rooms, lightli_corner_chamber
D:7:      layout_gridville, nicolae_ossuary_entry_giza, enter_bailey_4,
          uniq_duvessa
D:8:      layout_gridville, kennysheep_generic_room_10
D:9:      layout_loops_ring, orc_0_dummy, serial_shops,
          nicolae_shop_statue_plus, nicolae_shop_gadgets, uniq_joseph

Skill      XL: |  1  2  3  4  5  6  7  8  9 10 |
---------------+-------------------------------+-----
Axes           | 3 4 5 7 8 10 11 | 11.5
Fighting       | 4 5 6 7 8 10 11 | 11.0
Armour         | 4 5 6 7 9 10 | 10.1
Shields        | |  3.2

Action                   |  1- 3 |  4- 6 |  7- 9 | 10-12 || total
-------------------------+-------+-------+-------+-------++-------
Melee: War axe           |    72 |   157 |   423 |    80 ||   732
       Battleaxe         |       |       |       |     9 ||     9
Invok: Convert to Beogh  |       |     1 |       |       ||     1
  Use: Scroll            |       |       |    20 |       ||    20
       Potion            |       |       |     3 |     1 ||     4
Armor: Scale mail        |    38 |    97 |   224 |    45 ||   404
       Skin              |       |       |    29 |     2 ||    31
Dodge: Dodged            |    44 |    85 |   218 |    53 ||   400
Block: Buckler           |    17 |    37 |    83 |    17 ||   154

Table legend: (Time is in decaauts)
 A = Elapsed time spent in this place.
 B = Non-inter-level travel time spent in this place.
 C = Inter-level travel time spent in this place.
 D = Time resting spent in this place.
 E = Time spent auto-exploring this place.
 F = Levels seen in this place.
 G = Mean time per level.
                   A        B        C        D        E       F      G
               +--------+--------+--------+--------+--------+-----+--------+
         Total |   8277 |   8098 |    179 |    420 |   5917 |  10 |  827.7 |
       Dungeon |   7424 |   7245 |    179 |    420 |   5362 |   9 |  824.9 |
       Ossuary |    852 |    852 |      0 |      0 |    555 |   1 |  852.0 |
               +--------+--------+--------+--------+--------+-----+--------+

Top non-repeatable levels by time:
     D:8: 1677 daAuts
     D:4: 1018 daAuts
     D:6: 993 daAuts
     D:7: 931 daAuts
 Ossuary: 852 daAuts
     D:5: 780 daAuts
     D:2: 748 daAuts
     D:3: 526 daAuts
     D:1: 463 daAuts
     D:9: 285 daAuts
